 Dungeon Sprint DCSS version 0.29.1-13-g9f3cf754e1 (webtiles) character file.

Game seed: 5588872751288598377

6802 Groucho the Ninja (level 10, 0/87 HPs)
             Began as a Felid Berserker on Jan 21, 2023.
             Was a Priest of Trog.
             Slain by a fire giant
             ... wielding a +2 great sword of flaming
              (27 damage)
             ... in the Dungeon (Sprint I: "Red Sonja") on Jan 22, 2023.
             The game lasted 00:15:00 (6958 turns).

Groucho the Ninja (Felid Berserker)                 Turns: 6958, Time: 00:15:01

Health: 0/87       AC:  3    Str: 17    XL:     10   Next: 76%
Magic:  0/18       EV: 39    Int:  9    God:    Trog [***...]
Gold:   2478       SH:  0    Dex: 16    Spells: 18/18 levels left
                                        Lives:  0   Deaths: 2

rFire   + . .      SeeInvis +     - Unarmed
rCold   + . .      Faith    .   (shield unavailable)
rNeg    . . .      Spirit   +   (body armour unavailable)
rPois   .          Reflect  .   (helmet unavailable)
rElec   .          Harm     .   (cloak unavailable)
rCorr   .          Rampage  .   (gloves unavailable)
Will    +++..      NoTele   +   (boots unavailable)
Stlth   ..........              b - amulet of guardian spirit
HPRegen 1.24/turn               j - ring of protection from fire
MPRegen 0.16/turn               q - ring of the Hare {EV+8}

@: berserking, strong-willed, regenerating, very quick
A: very small, claws 1, fangs 3, see invisible, speed 1, shaggy fur 3, stealthy
paws, no weapons or thrown items, no armour, multi-lived
a: Renounce Religion, Berserk, Trog's Hand


You were in the Dungeon.
You worshipped Trog.
Trog was most pleased with you.
You visited 1 branch You collected 3163 gold pieces.
You spent 685 gold pieces at shops.

Inventory:

Jewellery
 b - an amulet of guardian spirit (around neck)
 j - a ring of protection from fire (left paw)
 q - the ring of the Hare (right paw) {EV+8}
   (You found it in the Dungeon)

   [ring of evasion]

   EV:        It affects your evasion (+8).
Wands
 g - a wand of iceblast (6)
 h - a wand of quicksilver (7)
Scrolls
 a - a scroll of blinking
 f - 2 scrolls of identify {unknown}
 i - a scroll of brand weapon {unknown}
 n - a scroll of enchant weapon {unknown}
 o - a scroll of amnesia {unknown}
Potions
 d - 3 potions of magic
 e - 2 potions of berserk rage


   Skills:
 * Level 15.4 Fighting
 * Level 19.6 Dodging
 O Level 27 Stealth
 * Level 15.4 Unarmed Combat
 * Level 4.9 Spellcasting


You had 18 spell levels left.
You didn't know any spells.
Your spell library was empty.

Dungeon Overview and Level Annotations

Branches:
Dungeon (1/1)

Altars:
Cheibriados
Dithmenos
Elyvilon
Fedhas
Gozag
Hepliaklqana
Kikubaaqudgha
Makhleb
Nemelex Xobeh
Okawaru
Qazlal
Ru
Sif Muna
Trog
Uskayaw
Vehumet
Wu Jian
Xom
Yredelemnul
Zin
The Shining One
Jiyva
Lugonu

Shops:
D [(?[=?*(?**[*(((!=*[=(

Annotations:
D exclusion: oklob plant, Lom Lobon


Innate Abilities, Weirdness & Mutations

You have sharp claws.
You have razor-sharp teeth.
You have supernaturally acute eyesight. (SInv)
You cover ground quickly. (Speed+)
Your thick and shaggy fur keeps you warm. (AC +3, rC+)
Your paws help you pounce on unaware monsters.
You are incapable of wielding weapons or throwing items.
You cannot wear armour.
You gain extra lives every three experience levels.


Message History

You die...
You are now level 10!
You rejoin the land of the living...
Unknown command.
Really walk into a travel-excluded area?
There is an open door here.
The fire giant casts a spell at you. The bolt of fire misses you.
Unknown command.
Your skin crawls.
You feel strong-willed.
A red film seems to cover your vision as you go berserk!
You feel yourself moving faster!
You feel mighty! The fire giant casts a spell at you.
The bolt of fire hits you!! You resist.
You mangle the fire giant!!
The fire giant is moderately wounded.
The fire giant completely misses you. The fire giant misses you.
You claw the fire giant!
The fire giant is moderately wounded.
You mangle the fire giant!!
The fire giant is heavily wounded.
The fire giant hits you with a +2 great sword of flaming!!
The fire giant burns you.
The fire giant hits you with a +2 great sword of flaming!!
* * * LOW HITPOINT WARNING * * *
You are too injured to fight recklessly!
You are too injured to fight recklessly!
You are too injured to fight recklessly!
You are too injured to fight recklessly!
You are too injured to fight recklessly!
Unknown command.
You claw the fire giant!
The fire giant is severely wounded.
You scratch the fire giant. You bite the fire giant.
The fire giant is severely wounded.
You claw the fire giant! You bite the fire giant!
The fire giant is almost dead.
The fire giant hits you with a +2 great sword of flaming!!
You die...

#################################
)'..#__#..'.).#).#§§CC§§§.§§.'..#
.#..'..'..#.§§##'#§####§§§§§##§§§
###'#__####)§.§.@#§# ##§§.######
..#.####§§#####)CC§# ###C#.)!##
.##.#§§~§§#..##'#### #.##$$$#
'#_.'§§§§§§..#.°. #..###$#
..._#§§§.§#..#.°.. ##.#A#$#
_.#'##+#####'###... #..###$#
#'#.#..).###.'.#.○°# #.##..$#
#.####'###.###.#○°## #..#+###
...'.....'[∩##.#..# ##...#P≈


You could see 2 fire giants.

Vanquished Creatures
  the Lernaean hydra (D)
  A golden dragon (D)
  A deep elf master archer (D)
  A shadow dragon (D)
  A hydra (D)
  2 centaur warriors (D)
  Sonja (D)
  A deep troll (D)
  A lindwurm (D)
  An oklob plant (D)
  7 unseen horrors (D)
  2 kobold demonologists (D)
  A hellwing (D)
  4 hornets (D)
  A slime creature (D)
  Sigmund (D)
  A yak (D)
  2 hogs (D)
  2 redbacks (D)
  3 floating eyes (D)
  An ogre (D)
  7 necrophages (D)
  8 jellies (D)
  Ijyb (D)
52 creatures vanquished.

Vanquished Creatures (collateral kills)
  A deep elf annihilator (D)
  8 shining eyes (D)
  2 merfolk sirens (D)
  A gargoyle (D)
  4 demonic crawlers (D)
  A hornet (D)
  11 hogs (D)
  4 floating eyes (D)
32 creatures vanquished.

Vanquished Creatures (others)
  2 ballistomycete spores (D)
2 creatures vanquished.

Grand Total: 86 creatures vanquished

Notes
Turn   | Place    | Note
-------+----------+-------------------------------------------
     0 | D        | Groucho the Felid Berserker began the quest for the Orb.
     0 | D        | Reached XP level 1. HP: 10/10 MP: 2/2
     2 | D        | Noticed Ijyb
    10 | D        | Killed Ijyb
    11 | D        | Reached skill level 8 in Stealth
    11 | D        | Reached XP level 2. HP: 14/14 MP: 3/3
    63 | D        | Noticed an ogre
    71 | D        | Killed an ogre
    72 | D        | Reached skill level 12 in Stealth
    72 | D        | Reached XP level 3. HP: 17/17 MP: 4/4
    72 | D        | Reached XP level 4. HP: 21/21 MP: 5/5
   211 | D        | Noticed Sigmund
   213 | D        | Killed Sigmund
   213 | D        | Reached ** piety under Trog
   214 | D        | Reached skill level 17 in Stealth
   214 | D        | Reached XP level 5. HP: 24/24 MP: 6/6
   214 | D        | Gained mutation: You are covered in thick fur. (AC +2)
                  | [Felid growth]
   214 | D        | Reached XP level 6. HP: 28/28 MP: 7/7
   238 | D        | Found a shimmering blue altar of Sif Muna.
   239 | D        | Found an ornate altar of the Wu Jian Council.
   240 | D        | Found a radiant altar of Vehumet.
   246 | D        | Found Dudutaap's Armour Emporium.
   246 | D        | Found an ancient bone altar of Kikubaaqudgha.
   246 | D        | Found a hazy altar of Hepliaklqana.
   246 | D        | Found a stormy altar of Qazlal.
   246 | D        | Found a hide-covered altar of Uskayaw.
   246 | D        | Found a blossoming altar of Fedhas.
   246 | D        | Found a bloodstained altar of Trog.
   246 | D        | Found an iron altar of Okawaru.
   246 | D        | Found a basalt altar of Yredelemnul.
   246 | D        | Found a glowing golden altar of the Shining One.
   246 | D        | Found a snail-covered altar of Cheibriados.
   246 | D        | Found a sacrificial altar of Ru.
   246 | D        | Found a glowing silver altar of Zin.
   246 | D        | Found a shadowy altar of Dithmenos.
   246 | D        | Found a white marble altar of Elyvilon.
   246 | D        | Noticed a yak
   247 | D        | Found an opulent altar of Gozag.
   248 | D        | Killed a yak
   249 | D        | Reached skill level 19 in Stealth
   249 | D        | Found a sparkling altar of Nemelex Xobeh.
   291 | D        | Found a viscous altar of Jiyva.
   291 | D        | Found a corrupted altar of Lugonu.
   291 | D        | Noticed a slime creature
   292 | D        | Found a burning altar of Makhleb.
   292 | D        | Found a shimmering altar of Xom.
   294 | D        | Killed a slime creature
   294 | D        | Reached *** piety under Trog
   295 | D        | Reached skill level 21 in Stealth
   295 | D        | Reached XP level 7. HP: 31/31 MP: 8/8
   318 | D        | Noticed a centaur warrior
   318 | D        | Noticed a centaur warrior
   319 | D        | Killed a centaur warrior
   320 | D        | Reached skill level 5 in Fighting
   320 | D        | Reached skill level 5 in Unarmed Combat
   320 | D        | Reached XP level 8. HP: 17/37 MP: 9/9
   331 | D        | Killed a centaur warrior
   332 | D        | Reached skill level 22 in Stealth
   692 | D        | Noticed a hornet
   695 | D        | Killed a hornet
   696 | D        | Reached XP level 9. HP: 43/43 MP: 10/10
   706 | D        | Noticed an oklob plant
   708 | D        | Killed an oklob plant
   709 | D        | Reached skill level 10 in Dodging
   715 | D        | Reached **** piety under Trog
   716 | D        | Reached skill level 23 in Stealth
   940 | D        | Noticed an unseen horror
   941 | D        | Noticed an unseen horror
   954 | D        | Killed an unseen horror
   959 | D        | Killed an unseen horror
   963 | D        | Reached ***** piety under Trog
  1303 | D        | Reached ****** piety under Trog
  1531 | D        | Identified the +0 pair of gloves "Moonaler" {Str+4}
  1538 | D        | Found Egaluaz's Weapon Shoppe.
  1538 | D        | Found Meebuss's General Store.
  1538 | D        | Found Ojogu's Magic Scroll Boutique.
  1540 | D        | Found Coahann's General Store.
  1540 | D        | Found Egeruume's General Store.
  1540 | D        | Found Voec's Armour Shoppe.
  1540 | D        | Found Atecaq's General Store.
  1540 | D        | Found Xayq's Weapon Emporium.
  1540 | D        | Found Jafomn's Antique Weapon Shop.
  1540 | D        | Found Jetzal's Antique Weapon Shoppe.
  1544 | D        | Found Meunt's Distillery.
  1545 | D        | Found Sussoqio's Assorted Antiques.
  1545 | D        | Found Pefyoqai's Jewellery Boutique.
  1546 | D        | Found Jasonkax's Jewellery Emporium.
  1557 | D        | Bought a ring of protection from fire for 325 gold pieces
  1612 | D        | Noticed a deep troll
  1614 | D        | Killed a deep troll
  1615 | D        | Reached skill level 24 in Stealth
  1615 | D        | Reached XP level 10. HP: 51/51 MP: 11/11
  1620 | D        | Found Lioptez's Armour Emporium.
  1636 | D        | Noticed Sonja
  1639 | D        | Killed Sonja
  1640 | D        | Reached skill level 10 in Fighting
  1640 | D        | Reached skill level 10 in Unarmed Combat
  1658 | D        | Found Addumiusch's Armour Boutique.
  1772 | D        | Noticed a sun demon
  1929 | D        | Noticed a gargoyle
  1932 | D        | Killed a gargoyle
  2188 | D        | Noticed a lindwurm
  2192 | D        | Killed a lindwurm
  2193 | D        | Reached skill level 25 in Stealth
  2219 | D        | Reached XP level 11. HP: 32/56 MP: 12/12
  2224 | D        | Reached skill level 15 in Dodging
  3110 | D        | Noticed a 12-headed hydra
  3112 | D        | Killed a 12-headed hydra
  3179 | D        | Noticed a shadow dragon
  3179 | D        | Noticed a golden dragon
  3184 | D        | Killed a shadow dragon
  3185 | D        | Reached skill level 26 in Stealth
  3186 | D        | Killed a golden dragon
  3246 | D        | Found Ojia's Weapon Shoppe.
  3299 | D        | Noticed a daeva
  3511 | D        | Found the ring of the Hare {EV+8}
  4212 | D        | Noticed a shining eye
  4212 | D        | Noticed a shining eye
  4212 | D        | Noticed a shining eye
  4212 | D        | Noticed a shining eye
  4212 | D        | Noticed a shining eye
  4212 | D        | Noticed a shining eye
  4215 | D        | Killed a shining eye
  4216 | D        | Killed a shining eye
  4217 | D        | Killed a shining eye
  4217 | D        | Paralysed by a floating eye for 3 turns
  4218 | D        | Reached skill level 27 in Stealth
  4219 | D        | Killed a shining eye
  4220 | D        | Gained mutation: Your thick and shaggy fur keeps you warm.
                  | (AC +3, rC+) [Felid growth]
  4220 | D        | Reached XP level 12. HP: 53/64 MP: 13/13
  4237 | D        | Found Qath's Jewellery Shop.
  4237 | D        | Found Aqeusase's Antique Weapon Shoppe.
  4237 | D        | Found Pegryph Nuiq's Magic Scroll Boutique.
  4237 | D        | Found Icuupru's Magic Scroll Emporium.
  4265 | D        | Bought an amulet of guardian spirit for 360 gold pieces
  4345 | D        | Noticed a deep elf annihilator
  4365 | D        | Reached skill level 1 in Spellcasting
  4367 | D        | HP: 4/96 [hornet (6)]
  4367 | D        | HP: 1/96 [hornet (3)]
  4368 | D        | Succumbed to a deep elf annihilator's poison arrow
  4369 | D        | Reached XP level 11. HP: 0/90 MP: 0/13
  4401 | D        | Paralysed by a hornet for 2 turns
  4412 | D        | Killed a deep elf annihilator
  4421 | D        | Noticed a mummy priest
  4425 | D        | Noticed an oklob plant
  4686 | D        | Noticed the 27-headed Lernaean hydra
  4693 | D        | Killed the 27-headed Lernaean hydra
  4694 | D        | Reached skill level 15 in Fighting
  4694 | D        | Reached skill level 15 in Unarmed Combat
  4694 | D        | Noticed a deep elf master archer
  4698 | D        | Killed a deep elf master archer
  4706 | D        | Noticed Lom Lobon
  6907 | D        | Noticed a fire giant
  6910 | D        | Noticed a fire giant
  6911 | D        | Noticed a fire giant
  6911 | D        | Noticed a fire giant
  6930 | D        | HP: 1/61 [daeva/divine providence (7)]
  6943 | D        | Demolished by a fire giant
  6944 | D        | Reached XP level 10. HP: -18/58 MP: 0/18
  6958 | D        | Slain by a fire giant

Illustrated notes

Levels and vault maps discovered:
D:        dungeon_sprint_1 [red_sonja_temple_1, red_sonja_temple_small_1]

Skill      XL: |  1  2  3  4  5  6  7  8  9 10 11 12 |
---------------+-------------------------------------+-----
Stealth        | 8 12 17 21 22 24 25 27 | 27.0
Fighting       | 5 7 9 11 15 | 15.4
Dodging        | 7 9 12 14 19 18 | 19.6
Unarmed Combat | 5 7 9 11 15 | 15.4
Spellcasting   | 4 1 |  4.9

Action                   |  1- 3 |  4- 6 |  7- 9 | 10-12 || total
-------------------------+-------+-------+-------+-------++-------
Melee: Unarmed           |    11 |     4 |    60 |    76 ||   151
       Bite              |       |       |     5 |     9 ||    14
       Punch             |       |       |     4 |     4 ||     8
Invok: Berserk           |     2 |       |     2 |     3 ||     7
       Trog's Hand       |       |       |     2 |     6 ||     8
       Brothers in Arms  |       |       |       |    17 ||    17
Evoke: Wand              |       |       |       |     1 ||     1
  Use: Scroll            |       |       |     1 |     1 ||     2
       Potion            |       |       |     3 |     8 ||    11
 Stab: Sleeping          |       |     4 |    12 |    11 ||    27
Armor: Skin              |       |       |     3 |    37 ||    40
Dodge: Dodged            |     5 |       |    63 |   143 ||   211
